Map: [ESL] Berlingrad

Players

Clem

  • Race: Terran Terran

ByuN - Winner!

  • Race: Terran Terran

Event: IEM Katowice 2022

VOD

Have the link to the VOD?

Description

Time

  • Played on: Feb. 25, 2022, 4:23 p.m.
  • Length: 18:49

All games in this series

Show
View Real Time Build Order
Export as new Build Order

Clem Terran 

Build Orders:  

Get SALT Encoding   

  12  0:00  SCV  
  13  0:12  SCV  
  14  0:17  Supply Depot  
  14  0:24  SCV  
  15  0:38  SCV  
  15  0:39  Barracks  
  15  0:42  Refinery  
  16  0:50  SCV  
  16  0:52  Refinery  
  17  1:03  SCV  
  18  1:15  SCV  
  19  1:26  Barracks Reactor  
  19  1:27  Orbital Command  
  19  1:28  Supply Depot  
  19  1:40  Factory  
  19  1:52  SCV  
  20  2:02  Reaper  
  20  2:05  SCV  
  20  2:06  Reaper  
  23  2:17  SCV  
  24  2:25  Hellion  
  24  2:29  SCV  
  26  2:33  Supply Depot  
  26  2:34  Reaper  
  27  2:38  Reaper  
  27  2:44  Command Center  
  28  2:47  SCV  
  29  2:53  Hellion  
  31  2:59  SCV  
  32  3:11  SCV, Reaper x2  
  34  3:14  Hellion  
  36  3:20  Starport  
  36  3:23  SCV  
  37  3:29  Supply Depot  
  37  3:35  SCV  
  37  3:36  Factory Tech Lab  
  38  3:42  Marine  
  38  3:44  Refinery  
  39  3:50  Marine  
  39  3:51  SCV  
  41  3:56  Siege Tank  
  41  4:00  Orbital Command  
  44  4:04  Medivac  
  44  4:07  SCV  
  44  4:09  Marine  
  45  4:13  Marine  
  46  4:19  SCV  
  47  4:25  SCV  
  47  4:28  Siege Tank  
  51  4:32  SCV  
  51  4:35  Supply Depot  
  51  4:37  SCV  
  53  4:40  Marine  
  53  4:44  SCV  
  55  4:47  Viking x2  
  55  4:49  SCV  
  60  4:58  Supply Depot, Marine  
  59  5:03  SCV x2  
  59  5:13  Siege Tank  
  51  5:15  Marine  
  51  5:20  SCV  
  51  5:21  SCV  
  41  5:33  SCV x2, Marine  
  36  5:45  SCV x2  
  36  5:48  Siege Tank  
  36  5:51  Marine  
  37  5:57  SCV x2  
  39  6:09  SCV, Viking, Marine  
  43  6:12  SCV  
  44  6:20  Viking  
  44  6:21  SCV  
  44  6:24  SCV  
  48  6:27  Marine  
  48  6:33  SCV  
  48  6:36  SCV  
  50  6:40  Siege Tank  
  50  6:45  SCV  
  50  6:46  Marine  
  55  6:49  SCV  
  55  6:50  Viking  
  58  6:57  SCV  
  58  6:59  Viking  
  60  7:01  SCV  
  60  7:04  Marine  
  60  7:07  Command Center  
  61  7:10  SCV  
  61  7:13  SCV  
  61  7:15  Siege Tank  
  66  7:20  Supply Depot  
  66  7:22  Barracks Tech Lab  
  66  7:23  SCV  
  66  7:26  SCV  
  66  7:28  Refinery, Viking  
  70  7:36  Viking  
  72  7:37  SCV  
  72  7:39  SCV  
  74  7:45  Barracks  
  74  7:48  Barracks  
  74  7:50  SCV  
  75  7:51  SCV  
  75  7:54  Siege Tank  
  75  7:56  Marine  
  79  8:03  SCV x2, Viking  
  83  8:07  Viking  
  85  8:15  Supply Depot, SCV  
  85  8:16  Stimpack  
  85  8:18  SCV, Marine  
  88  8:22  Supply Depot  
  86  8:27  SCV  
  86  8:29  Siege Tank  
  86  8:30  SCV  
  91  8:34  Supply Depot  
  91  8:38  Barracks Reactor x2  
  91  8:39  SCV  
  92  8:43  SCV  
  92  8:44  Orbital Command  
  92  8:47  Marine  
  94  8:51  SCV, Viking  
  94  8:55  SCV  
  98  8:57  Liberator  
  98  9:00  Supply Depot  
  101  9:03  SCV  
  101  9:04  Marine  
  101  9:07  SCV  
  101  9:08  Supply Depot  
  104  9:10  Refinery  
  104  9:13  Marine  
  104  9:14  Refinery  
  104  9:16  Marine  
  105  9:17  SCV  
  105  9:18  Marine, Siege Tank  
  105  9:21  Marine  
  107  9:27  Viking  
  107  9:28  Marine  
  107  9:29  SCV x2  
  109  9:31  SCV  
  109  9:35  Engineering Bay  
  109  9:38  Engineering Bay  
  109  9:41  SCV x2  
  111  9:46  SCV, Viking  
  111  9:51  Marine  
  114  9:53  SCV  
  114  9:56  Marine  
  114  9:59  SCV x2  
  97  10:01  Marine  
  97  10:03  Siege Tank  
  97  10:05  SCV  
  80  10:10  Viking  
  80  10:11  SCV x2  
  77  10:16  Marine  
  77  10:18  SCV, Marine  
  77  10:19  Marine  
  77  10:21  Marine  
  81  10:23  SCV  
  81  10:25  Marine  
  83  10:29  Combat Shield  
  83  10:30  SCV  
  83  10:34  Marine  
  85  10:35  SCV  
  85  10:37  Marine  
  85  10:40  Siege Tank  
  85  10:42  SCV  
  88  10:46  Marine  
  88  10:48  SCV  
  87  10:50  Viking  
  87  10:54  SCV, Marine x2, Orbital Command  
  92  11:00  SCV  
  92  11:02  Marine  
  94  11:07  Marine x2  
  94  11:08  Terran Infantry Weapons Level 1  
  94  11:09  Terran Infantry Armor Level 1  
  96  11:15  Siege Tank  
  96  11:18  SCV x2  
  99  11:20  SCV  
  101  11:27  Viking  
  101  11:29  Marine  
  101  11:30  Marine  
  100  11:34  Marine  
  100  11:35  Marine  
  86  11:47  Marine x2, Siege Tank  
  86  11:48  SCV  
  86  11:49  SCV  
  86  11:50  Viking  
  86  11:51  Marine  
  86  11:52  SCV, Marine  
  86  11:54  Marine  
  90  12:03  Barracks  
  90  12:04  Barracks, Viking  
  90  12:05  Marine  
  91  12:10  Refinery  
  91  12:12  Sensor Tower  
  91  12:14  Marine x2  
  91  12:15  Refinery  
  90  12:17  Marine x2  
  90  12:20  Viking, Armory, Siege Tank  
  96  12:31  Marine  
  96  12:34  SCV  
  96  12:35  Marine x2  
  96  12:36  Marine  
  78  12:39  Marine  
  78  12:40  SCV  
  78  12:41  SCV  
  73  12:46  SCV  
  73  12:48  Viking  
  73  12:49  Marine  
  73  12:52  Marine, Siege Tank  
  73  12:54  Marine x3  
  73  12:56  Marine  
  73  12:57  Marine  
  82  13:02  Medivac  
  84  13:07  Marine  
  84  13:10  Marine  
  84  13:12  Marine x2  
  88  13:16  Marine, Factory  
  88  13:17  Marine  
  88  13:19  Terran Infantry Weapons Level 2  
  90  13:23  Barracks Reactor  
  90  13:24  Marine  
  90  13:26  Siege Tank  
  94  13:28  Marine  
  94  13:31  Viking  
  94  13:32  Marine  
  94  13:33  Marine  
  92  13:34  Marine  
  92  13:35  Terran Infantry Armor Level 2  
  92  13:36  Marine  
  94  13:42  Marine  
  94  13:46  Marine  
  96  13:50  Terran Vehicle Weapons Level 1, Marine  
  96  13:51  Marine  
  96  13:52  Marine  
  96  13:54  Marine  
  100  13:55  Medivac  
  100  13:58  Siege Tank  
  100  14:00  Marine, Siege Tank  
  109  14:04  Viking, Marine  
  109  14:08  Marine x2  
  114  14:10  Marine  
  114  14:15  Marine  
  114  14:18  Marine  
  112  14:25  Marine, Liberator  
  112  14:26  Marine  
  112  14:29  Marine  
  112  14:30  Marine, Siege Tank  
  117  14:32  Siege Tank  
  117  14:33  Marine  
  117  14:34  Supply Depot x2  
  117  14:35  Barracks Reactor  
  117  14:36  Marine  
  122  14:42  Command Center  
  122  14:43  Marine  
  122  14:44  Marine  
  124  14:47  Viking  
  124  14:51  Marine x2  
  128  14:55  Supply Depot  
  128  14:57  Marine x2  
  130  15:01  Marine  
  130  15:02  Marine  
  130  15:04  Siege Tank  
  133  15:09  Supply Depot  
  133  15:10  Barracks Reactor  
  133  15:12  Marine  
  135  15:14  Siege Tank  
  135  15:19  Marine x2  
  135  15:20  Supply Depot, Medivac  
  140  15:22  Marine x2  
  140  15:24  Marine x2  
  144  15:30  Marine  
  143  15:36  Marine, Siege Tank  
  143  15:39  Supply Depot  
  147  15:43  Viking  
  147  15:44  Marine x2  
  147  15:49  Supply Depot  
  150  15:50  Terran Vehicle Weapons Level 2  
  150  15:51  Marine  
  151  15:57  Siege Tank  
  154  16:06  Marine  
  154  16:10  Terran Infantry Weapons Level 3  
  155  16:31  Marine  
  122  16:40  Marine x2, Siege Tank  
  122  16:41  Marine  
  122  16:42  Marine x2  
  122  16:44  Siege Tank  
  122  16:46  Marine  
  126  16:50  Marine x2  
  128  16:59  Planetary Fortress  
  127  17:01  Marine x5  
  127  17:05  Medivac  
  131  17:12  Medivac  
  131  17:15  Siege Tank  
  136  17:20  Marine, Siege Tank  
  138  17:29  Marine x2  
  131  17:38  Marine  
  131  17:40  Marine x3, Medivac  
  131  17:41  Marine  
  131  17:42  Medivac  
  131  17:47  Marine, Siege Tank  
  131  17:48  Marine  
  117  17:52  Marine, Siege Tank  
  117  17:55  Marine  
  117  17:56  Marine  
  117  17:58  Marine  
  117  18:07  Orbital Command  
  117  18:09  Marine x2  
  117  18:11  Marine  
  120  18:18  Marine x2  
  114  18:22  Marine  
  114  18:24  Marine  
  114  18:26  Marine  
  100  18:28  Marine  
  100  18:30  Marine  
Show
View Real Time Build Order
Export as new Build Order

ByuN Terran - Winner!

Build Orders: Cyclone Opening 

Get SALT Encoding   

  12  0:00  SCV  
  13  0:12  SCV  
  14  0:17  Supply Depot  
  14  0:24  SCV  
  15  0:38  SCV  
  15  0:40  Barracks  
  16  0:42  Refinery  
  16  0:51  SCV  
  16  0:52  Refinery  
  17  1:03  SCV  
  18  1:15  SCV  
  19  1:27  Reaper, Orbital Command  
  19  1:31  Supply Depot  
  20  1:39  Factory  
  20  1:54  SCV  
  21  1:59  Reaper  
  22  2:06  SCV  
  23  2:18  SCV  
  23  2:20  Command Center  
  24  2:24  Hellion  
  26  2:30  SCV  
  26  2:33  Barracks Tech Lab  
  27  2:39  Supply Depot  
  27  2:42  SCV  
  28  2:47  Starport  
  28  2:55  Cyclone  
  31  3:01  SCV  
  31  3:02  Barracks Tech Lab  
  31  3:13  SCV  
  32  3:25  SCV  
  33  3:27  Cyclone  
  33  3:31  Banshee  
  33  3:32  Refinery  
  39  3:38  Barracks Reactor  
  39  3:45  SCV  
  39  3:46  Orbital Command  
  40  3:57  SCV  
  40  3:59  Siege Tank  
  40  4:02  Supply Depot  
  44  4:09  SCV  
  44  4:12  SCV  
  44  4:15  Marine  
  44  4:16  Marine  
  47  4:21  SCV  
  47  4:23  Raven  
  50  4:24  SCV  
  50  4:26  Supply Depot  
  51  4:33  SCV  
  51  4:35  Marine x2  
  51  4:36  SCV  
  55  4:39  Siege Tank  
  59  4:45  SCV  
  59  4:48  SCV  
  59  4:51  Supply Depot  
  60  4:57  SCV  
  61  5:00  SCV  
  61  5:02  Marine x2  
  64  5:09  SCV  
  64  5:10  Raven  
  64  5:13  SCV  
  61  5:20  Marine x2  
  61  5:22  SCV  
  61  5:25  SCV  
  61  5:26  Siege Tank  
  56  5:34  SCV  
  44  5:37  SCV  
  44  5:38  Marine x2  
  45  5:46  SCV  
  45  5:49  SCV  
  46  5:55  Marine  
  46  5:56  Marine  
  45  5:58  SCV  
  45  5:59  Raven  
  45  6:01  SCV  
  45  6:04  Cyclone  
  47  6:10  SCV  
  48  6:13  SCV, Marine x2  
  48  6:17  Refinery  
  51  6:22  SCV  
  51  6:25  SCV  
  52  6:31  Marine  
  53  6:34  SCV  
  53  6:37  SCV  
  53  6:39  Siege Tank, Command Center  
  58  6:46  SCV  
  59  6:49  SCV  
  60  6:56  Viking x2, Marine  
  60  6:58  SCV  
  60  7:00  Stimpack  
  63  7:01  SCV  
  64  7:10  SCV  
  64  7:14  Supply Depot, Marine  
  66  7:16  SCV  
  66  7:18  Siege Tank  
  70  7:24  Supply Depot  
  70  7:26  Viking  
  70  7:27  SCV  
  70  7:28  SCV  
  74  7:32  Marine  
  75  7:41  SCV x2  
  75  7:42  Barracks  
  77  7:44  Barracks  
  77  7:50  Marine  
  77  7:53  Siege Tank  
  77  7:57  Viking  
  82  7:58  Viking  
  82  8:03  SCV x2  
  86  8:08  Marine  
  86  8:15  SCV x2  
  86  8:18  SCV  
  86  8:19  Engineering Bay x2  
  89  8:27  SCV x2  
  89  8:31  Barracks Reactor  
  89  8:32  Barracks Reactor  
  91  8:36  Viking x2  
  91  8:38  Orbital Command  
  91  8:39  SCV x2  
  96  8:46  Marine  
  96  8:48  Siege Tank  
  99  8:51  SCV  
  99  8:52  SCV  
  99  8:53  Terran Infantry Weapons Level 1, Terran Infantry Armor Level 1  
  101  9:04  Marine  
  101  9:06  Viking x2  
  101  9:07  Combat Shield  
  101  9:08  Marine x3  
  109  9:13  Marine  
  109  9:16  SCV x2  
  110  9:17  SCV  
  110  9:22  Marine  
  108  9:26  Marine x3  
  108  9:31  Marine  
  108  9:35  Barracks  
  108  9:36  Barracks  
  107  9:40  Marine, Siege Tank  
  107  9:42  Viking  
  107  9:44  Marine x3  
  116  9:49  Marine  
  116  9:50  Viking  
  119  9:57  SCV, Marine  
  119  9:58  SCV  
  109  10:02  Marine x3  
  94  10:07  Marine  
  94  10:12  Siege Tank  
  94  10:13  SCV  
  94  10:14  SCV  
  94  10:15  Marine  
  94  10:16  Refinery x2  
  94  10:19  Armory, Marine  
  94  10:20  Marine x2  
  98  10:25  Marine  
  98  10:26  Barracks Reactor  
  98  10:27  Barracks Reactor  
  98  10:28  Medivac x2  
  101  10:33  Marine  
  104  10:37  Marine x2  
  104  10:38  Marine  
  107  10:42  Marine  
  107  10:44  Siege Tank  
  109  10:51  Marine  
  109  10:55  Marine x2  
  109  10:56  Marine  
  107  10:57  SCV x3  
  107  10:58  Sensor Tower  
  107  11:00  Marine  
  107  11:03  Marine x2  
  107  11:04  Marine x2  
  113  11:09  Marine  
  115  11:13  Marine x2  
  115  11:14  Marine, Medivac x2  
  115  11:16  Siege Tank  
  125  11:19  Command Center  
  125  11:29  Marine x4  
  125  11:30  Marine x2  
  125  11:31  Marine  
  125  11:32  Marine x2  
  125  11:33  Terran Infantry Armor Level 2, Terran Infantry Weapons Level 2  
  114  11:47  Marine x6  
  101  11:49  Marine  
  101  11:50  Marine x2  
  105  12:01  Viking  
  105  12:02  Viking  
  105  12:03  Siege Tank  
  105  12:04  Marine x3  
  105  12:05  Marine x2  
  105  12:06  Marine  
  105  12:07  Marine  
  117  12:08  Marine  
  117  12:16  SCV x2  
  117  12:17  Barracks Reactor  
  117  12:19  Factory  
  117  12:22  SCV, Marine x4  
  123  12:23  Marine  
  125  12:31  SCV x2  
  125  12:33  Marine x2  
  125  12:34  SCV  
  114  12:40  Siege Tank  
  114  12:42  Medivac x2  
  107  12:44  Marine x2  
  108  12:52  SCV  
  108  12:53  SCV x2  
  108  12:54  Marine x2  
  108  12:55  Marine x2  
  115  13:00  Planetary Fortress  
  115  13:03  Siege Tank  
  118  13:05  Refinery  
  118  13:08  Refinery  
  118  13:12  Marine x6  
  124  13:13  Starport  
  124  13:15  Starport, Viking  
  124  13:19  Viking  
  128  13:24  Siege Tank  
  131  13:33  Supply Depot, Marine x3  
  126  13:35  Marine x5  
  126  13:36  Marine x2  
  131  13:49  Medivac x2  
  131  13:51  Marine x3  
  131  13:53  Marine x2  
  131  13:54  Marine x4  
  131  13:55  Siege Tank  
  147  13:56  Supply Depot  
  147  13:57  Supply Depot  
  147  14:02  Terran Infantry Armor Level 3  
  147  14:09  Siege Tank  
  150  14:11  Marine  
  150  14:16  Starport Tech Lab x2, Marine  
  151  14:27  Siege Tank  
  151  14:29  Terran Infantry Weapons Level 3  
  151  14:30  Marine x3  
  151  14:31  Marine x6  
  159  14:41  Siege Tank  
  159  14:45  Raven x2  
  162  14:46  Corvid Reactor  
  162  14:48  Viking  
  162  14:49  Viking  
  168  14:53  Terran Vehicle Weapons Level 1  
  168  14:59  Siege Tank  
  171  15:00  Command Center  
  171  15:06  Marine  
  164  15:16  Command Center  
  164  15:18  Viking  
  164  15:21  Supply Depot x2  
  166  15:23  Siege Tank  
  166  15:28  Raven  
  169  15:30  Raven  
  172  15:38  Siege Tank  
  168  15:46  Marine x6  
  168  15:48  Marine x2, Sensor Tower  
  174  15:51  Marine x2  
  174  15:52  Viking x2  
  174  15:55  Siege Tank  
  183  16:10  Siege Tank  
  183  16:11  Raven  
  188  16:13  Supply Depot  
  188  16:14  Supply Depot  
  170  16:35  Marine  
  170  16:36  Marine  
  170  16:37  Marine x2  
  154  16:42  Marine  
  154  16:44  Marine  
  154  16:46  Marine x3  
  156  16:48  Marine  
  156  16:52  Command Center  
  156  16:55  Command Center  
  156  16:59  Siege Tank x2  
  162  17:11  Marine x5  
  167  17:19  Marine  
  167  17:20  Marine x3  
  167  17:21  Marine  
  172  17:29  Marine x3  
  169  17:31  Siege Tank  
  169  17:32  Siege Tank  
  169  17:33  Marine x2  
  174  17:37  Marine  
  174  17:39  Marine x2  
  174  17:41  Marine  
  158  17:51  Marine x2  
  158  17:52  Marine x2  
  158  17:53  Marine x2  
  158  17:55  Marine  
  158  17:56  Marine  
  158  17:57  Marine  
  160  17:59  Marine  
  161  18:05  Raven x2  
  161  18:09  Marine  
  166  18:12  Missile Turret  
  166  18:15  Marine x2  
  166  18:19  Marine  
  159  18:22  Marine  
  159  18:27  Marine  
  155  18:31  Marine  
  158  18:37  Command Center  

Tags
 
Add a new tag
Caveats
  • Supply blocks, unpowered buildings, or Contaminate may cause inaccurate times.
  • Supply counts are checked every 10 seconds.